 Dungeon Crawl Stone Soup version 0.28.0 (webtiles) character file.

Game seed: 13191783870357423707

308 Aneyh the Slasher (level 6, 0/38 HPs)
             Began as a Tengu Fighter on Feb 13, 2022.
             Slain by an orc (2 damage)
             ... on level 3 of the Dungeon.
             The game lasted 00:09:55 (3373 turns).

Aneyh the Slasher (Tengu Fighter)                   Turns: 3373, Time: 00:09:56

Health: 0/38       AC:  3    Str: 19    XL:     6   Next: 40%
Magic:  7/7        EV: 13    Int:  8    God:
Gold:   108        SH:  4    Dex: 13    Spells: 5/5 levels left

rFire   . . .      SeeInvis +   a - +0 long sword
rCold   + . .      Faith    .   c - +0 buckler
rNeg    . . .      Spirit   .   g - +0 leather armour
rPois   .          Reflect  .   (helmet restricted)
rElec   .          Harm     .   (no cloak)
rCorr   .          Rampage  .   (no gloves)
Will    .....                   (boots unavailable)
Stlth   ++........              (no amulet)
HPRegen 0.12/turn               i - ring of protection from cold
MPRegen 0.10/turn               v - ring of see invisible

@: mighty, flying quickly and evasively, quick
A: beak, talons 3, nimble flight
a: no special abilities


You were on level 3 of the Dungeon.
You visited 1 branch of the dungeon, and saw 3 of its levels.

You collected 108 gold pieces.

Inventory:

Hand Weapons
 a - a +0 long sword (weapon)
 s - a +2 dagger of electrocution
Missiles
 f - 57 arrows
 p - 18 bolts
 q - 2 boomerangs (quivered)
 r - 3 poisoned darts
Armour
 b - a +0 scale mail
 c - a +0 buckler (worn)
 g - a +0 leather armour (worn)
Jewellery
 i - a ring of protection from cold (left hand)
 l - a ring of ice
 m - a ring of ice
 v - a ring of see invisible (right hand)
Scrolls
 e - a scroll of fog {unknown}
 h - a scroll of teleportation {unknown}
 j - a scroll of noise {unknown}
 k - a scroll of identify {unknown}
 t - a scroll of amnesia {unknown}
 u - a scroll of vulnerability {unknown}
Potions
 n - a potion of brilliance {unknown}
 o - a potion of flight {unknown}


   Skills:
 + Level 4.0 Fighting
 + Level 5.0 Long Blades
 - Level 0.1 Throwing
 + Level 4.2 Armour
 + Level 1.8 Dodging
 + Level 2.0 Stealth
 - Level 3.0 Shields


You had 5 spell levels left.
You didn't know any spells.
Your spell library contained the following spells:

 Spells                   Type           Power      Damage    Failure   Level
 Animate Skeleton         Necr           0%         N/A       56%         1


Dungeon Overview and Level Annotations

Branches:
Dungeon (3/15)

Altars:

Annotations:
D:3 1 runed translucent door, Jingleheimer's ghost, weakling DrTm


Innate Abilities, Weirdness & Mutations

You have a beak for a mouth.
You have claws for feet.
Your magical nature lets you fly swiftly and evasively.


Message History

The orc shouts!
You slash the giant cockroach!
You kill the giant cockroach!
The orc hits you from afar with a +0 trident! x2
The orc priest invokes the aid of Beogh against you.
Pain shoots through your body!
* * * LOW HITPOINT WARNING * * *
You are too injured to fight recklessly!
You're already flying!
You feel very mighty all of a sudden. The orc closely misses you.
You closely miss the orc. You claw the orc!
You kill the orc!
Your Fighting skill increases to level 4!
You barely miss the orc priest. Your kick misses the orc priest.
The orc priest hits you with a +0 falchion!
* * * LOW HITPOINT WARNING * * *
You barely miss the orc priest. You claw the orc priest!
You kill the orc priest!
The kobold hits you with a +0 dagger.
* * * LOW HITPOINT WARNING * * *
You barely miss the kobold. Your kick misses the kobold.
The kobold hits you with a +0 dagger.
* * * LOW HITPOINT WARNING * * *
You slash the kobold!
You kill the kobold!
You closely miss the orc. Your kick misses the orc. The orc closely misses you.
You slash the orc wizard! Your kick misses the orc wizard.
The orc wizard is severely wounded.
You slice the orc wizard!!
You kill the orc wizard!
Your Long Blades skill increases to level 5!
Your Stealth skill increases to level 2!
You hit the orc. Your kick misses the orc.
The orc is heavily wounded.
The orc closely misses you.
You hit the orc. Your kick misses the orc. Your peck misses the orc.
The orc is severely wounded.
The orc hits you with a +0 short sword.
You die...

....###.##.###
#.......<
###..#..##.#
#........ #
##...###.#
#........ #
##..# #.####
#........ #..#
#....#
#........ #..#
####.#### #..#
#....# #######
##.# ####.#
....... #.#
#@# ....... ##
#o##.......
#..#....o.>
##.†.......
###.......
.......
.......
.......
.......


You could see an orc.

Vanquished Creatures
  A jelly (D:3)
  An orc priest (D:3)
  A bullfrog skeleton (D:3)
  Terence (D:2)
  2 orc wizards (D:3)
  6 adders (D:2)
  2 worms
  2 dart slugs
  6 orcs
  6 ball pythons
  7 bats
  8 endoplasms
  3 giant cockroaches
  6 goblins
  4 hobgoblins
  6 jackals (D:1)
  2 quokkas
  6 kobolds
  6 rats
76 creatures vanquished.

Vanquished Creatures (others)
  A plant (D:3)
1 creature vanquished.

Grand Total: 77 creatures vanquished

Notes
Turn   | Place    | Note
-------+----------+-------------------------------------------
     0 | D:1      | Aneyh the Tengu Fighter began the quest for the Orb.
     0 | D:1      | Reached XP level 1. HP: 14/14 MP: 2/2
    39 | D:1      | Reached XP level 2. HP: 13/19 MP: 3/3
   168 | D:1      | Found a faded altar of an unknown god.
   173 | D:1      | Got Plato's Handbook of Dark Rites
   641 | D:1      | Reached XP level 3. HP: 23/23 MP: 4/4
   925 | D:2      | Reached skill level 3 in Long Blades
  1046 | D:2      | Reached XP level 4. HP: 20/28 MP: 5/5
  1721 | D:2      | Noticed Terence
  1734 | D:2      | Killed Terence
  1735 | D:2      | Reached skill level 1 in Stealth
  1735 | D:2      | Gained mutation: Your magical nature lets you fly swiftly
                  | and evasively. [Tengu growth]
  1735 | D:2      | Reached XP level 5. HP: 9/33 MP: 6/6
  1972 | D:2      | Reached skill level 4 in Long Blades
  2451 | D:2      | Reached skill level 1 in Dodging
  2682 | D:3      | Found a runed translucent door.
  2682 | D:3      | Noticed Jingleheimer's ghost (weakling DrTm)
  2874 | D:3      | Reached XP level 6. HP: 27/38 MP: 7/7
  3367 | D:3      | HP: 1/38 [kobold (1)]
  3372 | D:3      | Reached skill level 5 in Long Blades
  3373 | D:3      | Slain by an orc

Illustrated notes

Levels and vault maps discovered:
D:1:      dpeg_arrival_shrine, layout_rooms, shapermc_ecumenical_altar_rom_forum
D:2:      layout_basic, kennysheep_generic_room_11, uniq_terence
D:3:      layout_rooms, ebering_ghost_inner_flame, serial_forest,
          infiniplex_forest_end_2, infiniplex_forest_end_3,
          infiniplex_forest_end_2, infiniplex_forest_clump_diagonal

Skill      XL: |  1  2  3  4  5  6 |
---------------+-------------------+-----
Long Blades    | 3 4 5 |  5.0
Armour         | 4 |  4.2
Stealth        | 1 2 |  2.0
Dodging        | 1 |  1.8
Fighting       | 4 |  4.0
Throwing       | |  0.1
Shields        | |  3.0

Action                   |  1- 3 |  4- 6 || total
-------------------------+-------+-------++-------
Melee: Long sword        |    71 |   114 ||   185
       Kick              |    12 |    32 ||    44
       Peck              |     6 |    19 ||    25
Throw: Dart              |       |     3 ||     3
       Boomerang         |       |     1 ||     1
  Use: Potion            |       |     1 ||     1
 Stab: Sleeping          |     2 |     4 ||     6
Armor: Scale mail        |     3 |       ||     3
       Leather armour    |    21 |    15 ||    36
Dodge: Dodged            |    35 |    69 ||   104
Block: Buckler           |    20 |    28 ||    48
